 Dungeon Crawl Stone Soup version 0.30.1-4-g462c640d31 (webtiles) character file.

Game seed: 2801829275599350484

6671 Moleculo the Thrower (level 11, -5/83 HPs)
             Began as a Human Berserker on Aug 20, 2023.
             Was a High Priest of Trog.
             Slain by Erica
             ... wielding a +4 scimitar of flaming
              (9 damage)
             ... on level 9 of the Dungeon.
             The game lasted 00:55:28 (8200 turns).

Moleculo the Thrower (Human Berserker)              Turns: 8200, Time: 00:55:28

Health: -5/83      AC: 20    Str: 22    XL:     11   Next: 23%
Magic:  11/11      EV:  7    Int: 12    God:    Trog [*****.]
Gold:   437        SH:  9    Dex: 18    Spells: 10/10 levels left

rFire   . . .        m - +4 spear of the Asp {heavy, *Rage Int+4 Dex+6}
rCold   . . .        A - +0 kite shield
rNeg    . . .        o - +0 plate armour
rPois   .            M - +0 helmet
rElec   .            (no cloak)
rCorr   .            (no gloves)
SInv    .            r - +0 pair of boots
Will    ++...        p - amulet of the acrobat Stlth
                     t - +4 ring of protection
HPRegen 1.33/turn    C - +4 ring of slaying
MPRegen 0.12/turn

%: random rage (20%), acrobat
@: strong-willed, on berserk cooldown, regenerating, slowed, very slow
A: no striking features
a: Renounce Religion, Berserk, Trog's Hand, Brothers in Arms


You were on level 9 of the Dungeon.
You worshipped Trog.
Trog was extremely pleased with you.
You visited 1 branch of the dungeon, and saw 10 of its levels.

You collected 577 gold pieces.
You spent 140 gold pieces at shops.

Inventory:

Hand Weapons
 m - the +4 spear of the Asp (weapon) {heavy, *Rage Int+4 Dex+6}
   (You found it on level 2 of the Dungeon)

   Int:       It affects your intelligence (+4).
   Dex:       It affects your dexterity (+6).
   *Rage:     It berserks you when you make melee attacks (+20% chance).
 v - a +2 demon blade
Missiles
 g - 59 stones
 n - 8 poisoned darts
 D - a curare-tipped dart
 H - a javelin (quivered)
Armour
 o - a +0 plate armour (worn)
 r - a +0 pair of boots (worn)
 w - an orb of light
 A - a +0 kite shield (worn)
 E - +0 steam dragon scales
 I - +0 acid dragon scales
 M - a +0 helmet (worn)
Jewellery
 p - an amulet of the acrobat (around neck)
 t - a +4 ring of protection (left hand)
 x - a ring of protection from cold
 C - a +4 ring of slaying (right hand)
 J - a ring of protection from cold
 P - a ring of protection from fire
Wands
 N - a wand of charming (5)
Scrolls
 b - 5 scrolls of fear
 c - a scroll of vulnerability {unknown}
 d - 3 scrolls of fog
 e - 2 scrolls of poison {unknown}
 j - a scroll of magic mapping {unknown}
 k - a scroll of enchant armour {unknown}
 q - a scroll of silence {unknown}
 s - a scroll of acquirement {unknown}
 y - a scroll of teleportation {unknown}
 B - a scroll of amnesia {unknown}
 G - 2 scrolls of immolation {unknown}
 K - 2 scrolls of identify
 O - a scroll of brand weapon {unknown}
Potions
 a - a potion of resistance
 f - 3 potions of ambrosia
 h - a potion of berserk rage {unknown}
 i - 3 potions of attraction
 l - a potion of degeneration {unknown}
 u - 3 potions of haste
 z - 2 potions of curing
 F - a potion of mutation {unknown}
 L - a potion of lignification {unknown}


   Skills:
 + Level 6.9 Fighting
 + Level 8.9 Polearms
 + Level 8.9 Throwing
 + Level 8.3 Armour
 + Level 2.9 Dodging
 + Level 1.3 Stealth
 + Level 3.2 Shields


You had 10 spell levels left.
You didn't know any spells.
Your spell library was empty.

Dungeon Overview and Level Annotations

Branches:
Dungeon (10/15)            Temple (0/1) D:5            Lair (0/5) D:10
    Orc: D:9-12

Altars:
Dithmenos
Gozag
Makhleb
Qazlal
Ru
Uskayaw
Xom
Yredelemnul
The Shining One

Shops:
D:3 *   D:5 =

Annotations:
D:10 Erica


Message History

Something hits you but does no damage.
You hit something. Something hits you! Something burns you. Something hits you!
Something burns you!
* * * LOW HITPOINT WARNING * * *
You closely miss something. You block something's attack.
You puncture something!
You hear some strange, mumbled words.
Something tries to affect you, but you resist.
Something hits you.
* * * LOW HITPOINT WARNING * * *
Something burns you.
* * * LOW HITPOINT WARNING * * *
You hear some strange, mumbled words.
You are confused.
There is a stone staircase leading up here.
You can't go down here!
Something completely misses you. Something hits you but does no damage.
In your confused state, you trip and fall back down the stairs.
* * * LOW HITPOINT WARNING * * *
Something hits you.
* * * LOW HITPOINT WARNING * * *
Something burns you.
* * * LOW HITPOINT WARNING * * *
You feel less confused. Something hits you.
* * * LOW HITPOINT WARNING * * *
Something burns you.
* * * LOW HITPOINT WARNING * * *
Something hits you.
* * * LOW HITPOINT WARNING * * *
Something burns you.
* * * LOW HITPOINT WARNING * * *
You climb upwards.
Reactivating autopickup.
There is a stone staircase leading down here.
You can't go up here!
Your skin crawls.
You feel strong-willed. Something hits you!
You die...

#.##.##..##..##..# #.......
#..#....#..#...).# #.......
##.....#....#....# #.......
###..#..##..#...# #.......
######.#...##...#.####.......
#..:..#..........#...'.......
#.#######..#.....#####.......
#.#...........##.### #.######
#.#.######.[@.##...# #.#
#.#.# #.#.{...#.# #.#
#.#.######.#.###.#.# #.#
#........[<...##.#.###.#
###.############.#.....#
#........# #.....###
########.# #####.# #.# #.#
#.# #.#


There were no monsters in sight!

Vanquished Creatures
  A two-headed ogre (D:9)
  Pikel (D:6)
  A rime drake (D:10)
  Psyche (D:9)
  A troll (D:10)
  A polar bear (D:10)
  Sigmund (D:2)
  A wraith (D:9)
  Grum (D:10)
  A steam dragon (D:6)
  2 acid dragons (D:8)
  2 orc warriors
  4 ice beasts
  2 sky beasts
  4 black bears
  6 wolves (D:10)
  5 centaurs
  3 lemures (D:6)
  A phantom (D:6)
  7 bullfrogs
  A kobold brigand (D:6)
  A gnoll sergeant (D:8)
  A scorpion (D:7)
  4 wights (D:7)
  5 killer bees (D:8)
  5 hounds
  2 gnoll boudas
  2 orc priests
  4 jellies
  An iguana (D:6)
  6 orc wizards
  5 adders
  10 gnolls
  5 shadow imps (D:8)
  A white imp (D:8)
  2 ufetubi
  4 worms
  4 dart slugs
  11 orcs
  8 endoplasms
  14 giant cockroaches
  2 goblins
  4 hobgoblins
  6 quokkas
  A ball python (D:2)
  2 bats (D:1)
  3 frilled lizards
  6 kobolds
  A rat (D:2)
  A spectral goblin (D:3)
168 creatures vanquished.

Notes
Turn   | Place    | Note
-------+----------+-------------------------------------------
     0 | D:1      | Moleculo the Human Berserker began the quest for the Orb.
     0 | D:1      | Reached XP level 1. HP: 18/18 MP: 1/1
   284 | D:1      | Reached XP level 2. HP: 24/24 MP: 2/2
   748 | D:2      | Found a basalt altar of Yredelemnul.
   784 | D:2      | Reached XP level 3. HP: 25/29 MP: 1/3
   808 | D:2      | Identified the +4 spear of the Asp {heavy, *Rage Int+4
                  | Dex+6}
  1126 | D:2      | Noticed Sigmund
  1139 | D:2      | Killed Sigmund
  1139 | D:2      | Reached ** piety under Trog
  1140 | D:2      | Reached skill level 1 in Throwing
  1140 | D:2      | Reached XP level 4. HP: 37/37 MP: 4/4
  1140 | D:2      | Reached XP level 5. HP: 42/42 MP: 5/5
  1140 | D:2      | Reached XP level 6. HP: 48/48 MP: 6/6
  1508 | D:3      | Found a faded altar of an unknown god.
  1569 | D:3      | Found a hide-covered altar of Uskayaw.
  1690 | D:3      | Found Tanang's General Store.
  1717 | D:3      | Bought a potion of heal wounds for 50 gold pieces
  1717 | D:3      | Bought a potion of heal wounds for 50 gold pieces
  1717 | D:3      | Bought a scroll of identify for 20 gold pieces
  1717 | D:3      | Bought a scroll of identify for 20 gold pieces
  2260 | D:4      | Found a burning altar of Makhleb.
  2359 | D:4      | Reached XP level 7. HP: 54/54 MP: 7/7
  2668 | D:5      | Entered Level 5 of the Dungeon
  2956 | D:5      | Reached *** piety under Trog
  3049 | D:5      | Found a shadowy altar of Dithmenos.
  3096 | D:5      | Found a staircase to the Ecumenical Temple.
  3142 | D:5      | Found Toix's Jewellery Shoppe.
  3166 | D:5      | Reached skill level 5 in Polearms
  3253 | D:5      | Found a glowing golden altar of the Shining One.
  3560 | D:6      | Reached XP level 8. HP: 60/60 MP: 8/8
  3760 | D:6      | Reached skill level 5 in Throwing
  3921 | D:6      | Reached skill level 5 in Armour
  4024 | D:6      | Found a sacrificial altar of Ru.
  4069 | D:6      | Noticed Pikel
  4078 | D:6      | Killed Pikel
  4079 | D:6      | Reached XP level 9. HP: 66/66 MP: 9/9
  4641 | D:7      | Reached **** piety under Trog
  4777 | D:7      | Reached skill level 5 in Fighting
  5465 | D:8      | Reached XP level 10. HP: 76/76 MP: 10/10
  6303 | D:8      | Found an opulent altar of Gozag.
  6315 | D:8      | Found a stormy altar of Qazlal.
  6681 | D:8      | Found a shimmering altar of Xom.
  6966 | D:9      | Reached skill level 1 in Shields
  7209 | D:9      | Noticed Psyche
  7215 | D:9      | Killed Psyche
  7216 | D:9      | Reached skill level 1 in Stealth
  7245 | D:9      | Noticed a two-headed ogre
  7253 | D:9      | Killed a two-headed ogre
  7261 | D:9      | Reached ***** piety under Trog
  7672 | D:10     | Entered Level 10 of the Dungeon
  7673 | D:10     | Noticed Grum
  7676 | D:10     | Noticed a rime drake
  7695 | D:10     | Killed Grum
  7696 | D:10     | Reached XP level 11. HP: 43/83 MP: 11/11
  7763 | D:10     | Found a staircase to the Lair.
  7815 | D:10     | Received a gift from Trog
  7836 | D:10     | Noticed Erica
  8198 | D:10     | HP: 2/83 [something (3)]
  8200 | D:9      | Slain by Erica

Illustrated notes

Levels and vault maps discovered:
D:1:      dpeg_arrival_connections, layout_rooms, minmay_tetromino_t4
D:2:      layout_rooms, basic_altar, chequers_serial_rivers_micro_e,
          uniq_sigmund
D:3:      minmay_roachtagon, layout_loops_ring,
          nicolae_uskayaw_murder_on_the_dancefloor, serial_shops,
          nicolae_shop_stone, dreamdust_ecumenical_altar_drowned_temple,
          saegor_snake_ambush
D:4:      layout_basic, makhleb_heckhound_becter
D:5:      layout_loops_ring, mainiacjoe_overflow_alcove_4,
          nicolae_overflow_hidden_temple, lemuel_temple_firewalk_b,
          serial_shops, shop, glass_columns_c
D:6:      layout_basic, nicolae_ru_awakened_eye, uniq_pikel
D:7:      layout_basic
D:8:      black_bear_nest_1, layout_basic, kennysheep_mini,
          mainiacjoe_overflow_large_starburst, serial_demonic, serial_demonic_a,
          serial_demonic_c, serial_demonic_e, serial_demonic_b
D:9:      layout_basic, minivault_26, serial_bayou_pond_e, serial_bayou_pond_d,
          lemuel_flamethrower_2, uniq_psyche
D:10:     layout_basic, nicolae_vehumet_altar_sigil, hellmonk_lair_entry_icy,
          enter_bailey_5, enter_trove_2, nicolae_straight_to_the_point,
          uniq_erica, uniq_grum, uniq_fannar, uniq_urug

Skill      XL: |  1  2  3  4  5  6  7  8  9 10 11 |
---------------+----------------------------------+-----
Fighting       | 4 5 6 |  6.9
Polearms       | 4 5 6 7 8 |  8.9
Throwing       | 1 3 4 6 7 8 |  8.9
Armour         | 3 4 5 6 7 8 |  8.3
Shields        | 2 3 |  3.2
Stealth        | 1 |  1.3
Dodging        | |  2.9

Action                     |  1- 3 |  4- 6 |  7- 9 | 10-12 || total
---------------------------+-------+-------+-------+-------++-------
  Melee: Spear             |    79 |    52 |   129 |   165 ||   425
         Punch             |       |       |     1 |       ||     1
  Throw: Stone             |     3 |     4 |     2 |     8 ||    17
         Javelin           |    11 |    13 |     9 |    18 ||    51
         Dart              |       |     4 |       |       ||     4
         Boomerang         |       |       |    51 |       ||    51
 Invoke: Trog's Hand       |       |       |       |     2 ||     2
    Use: Scroll            |     2 |     2 |     2 |     3 ||     9
         Potion            |       |       |       |     5 ||     5
 Armour: Chain mail        |    31 |       |       |       ||    31
         Animal skin       |     6 |       |       |       ||     6
         Plate armour      |     4 |    33 |    81 |   161 ||   279
  Dodge: Dodged            |    30 |    13 |    50 |    82 ||   175
  Block: Kite shield       |       |       |       |    95 ||    95
